 Dungeon Crawl Stone Soup version 0.28.0-62-gf88900778d (webtiles) character file.

Game seed: 14961719971431886703

229 AarnesTheHuman the Bolt Thrower (level 6, -7/48 HPs)
             Began as a Formicid Hunter on Mar 20, 2023.
             Mangled by an ogre
             ... wielding a +0 giant club
              (10 damage)
             ... on level 3 of the Dungeon.
             The game lasted 00:03:53 (2505 turns).

AarnesTheHuman the Bolt Thrower (Formicid Hunter)   Turns: 2505, Time: 00:03:54

Health: -7/48      AC: 10    Str: 19    XL:     6   Next: 23%
Magic:  6/6        EV:  7    Int: 10    God:
Gold:   111        SH:  0    Dex: 11    Spells: 5/5 levels left

rFire   . . .      SeeInvis +   a - +2 short sword (venom)
rCold   . . .      Faith    .   (no shield)
rNeg    . . .      Spirit   .   o - +0 chain mail
rPois   .          Reflect  .   (helmet unavailable)
rElec   .          Harm     .   (no cloak)
rCorr   .          Rampage  .   n - +0 pair of gloves
Will    .....                   (no boots)
Stlth   ..........              (no amulet)
HPRegen 0.16/turn               (no ring)
MPRegen 0.10/turn               (no ring)

@: mighty
A: permanent stasis, dig shafts and tunnels, antennae 3, four strong arms
a: Dig, Shaft Self


You were on level 3 of the Dungeon.
You visited 1 branch of the dungeon, and saw 3 of its levels.

You collected 111 gold pieces.

Inventory:

Hand Weapons
 a - a +2 short sword of venom (weapon)
 b - a +1 hand crossbow
 e - a +0 dagger
Missiles
 d - 19 bolts
Armour
 c - a +0 leather armour
 f - a +0 pair of gloves
 n - a +0 pair of gloves (worn)
 o - a +0 chain mail (worn)
Magical Staves
 l - a staff of air
Jewellery
 j - a ring of ice
Scrolls
 g - a scroll of vulnerability {unknown}
 h - 2 scrolls of summoning {unknown}
 i - a scroll of holy word {unknown}
 m - 4 scrolls of identify {unknown}
 r - a scroll of enchant armour {unknown}
Potions
 k - a potion of degeneration {unknown}
 p - 2 potions of resistance


   Skills:
 + Level 3.9 Fighting
 - Level 2.0 Short Blades
 + Level 5.0 Crossbows
 + Level 3.0 Armour
 - Level 1.7 Dodging
 - Level 1.2 Stealth


You had 5 spell levels left.
You didn't know any spells.
Your spell library contained the following spells:

 Spells                   Type           Power      Damage    Failure   Level
 Animate Skeleton         Necr           0%         N/A       99%         1
 Apportation              Tloc           0%         N/A       99%         1
 Summon Small Mammal      Summ           0%         N/A       99%         1


Dungeon Overview and Level Annotations

Branches:
Dungeon (3/15)

Altars:

Shops:
D:1 =


Innate Abilities, Weirdness & Mutations

You cannot be hasted, slowed, berserked, paralysed or teleported.
You can dig through walls and to a lower floor.
You have a pair of large antennae on your head. (SInv)
Your four strong arms can wield two-handed weapons with a shield.


Message History

You barely miss the ogre.
The ogre hits you with a +0 giant club!!
You are too injured to fight recklessly!
You are too injured to fight recklessly!
You are too injured to fight recklessly!
You are too injured to fight recklessly!
You are too injured to fight recklessly!
You are too injured to fight recklessly!
You are too injured to fight recklessly!
You are too injured to fight recklessly!
You are too injured to fight recklessly!
You are too injured to fight recklessly!
You are too injured to fight recklessly!
You are too injured to fight recklessly!
You are too injured to fight recklessly!
Unknown command.
Unknown command.
A hobgoblin comes into view.
You see here 14 stones.
Found a stone staircase leading down.
Okay, then.
You aren't carrying any items that you can evoke.
Unknown command.
Unknown command.
Okay, then.
Okay, then.
Unknown command.
Okay, then.
Okay, then.
Unknown command.
It was a potion of might.
You feel very mighty all of a sudden.
You hit the ogre.
The ogre is poisoned.
The ogre is moderately wounded.
The ogre hits you with a +0 giant club!!
* * * LOW HITPOINT WARNING * * *
You closely miss the ogre.
The ogre is moderately wounded.
The ogre hits you with a +0 giant club!
You die...

##########........#
##.....#...........####
##.>....................
#...............##......
#.............(.####.###
#....................###
#...............####....
#................###...#
#.....@O......#.....#..
##.....#.....##.###..#.
##############.# ##.##
#.# #..# ##...# ##..
#..### ##. ########.# ##
#........# ##.
#........# ##..


You could see an ogre (very poisoned).

Vanquished Creatures
  A bullfrog (D:3)
  An iguana (D:3)
  Natasha (thrice) (D:3)
  A hound zombie (D:3)
  An adder (D:2)
  2 dart slugs
  4 endoplasms
  A giant cockroach (D:2)
  3 hobgoblins
  4 quokkas
  4 ball pythons
  2 bats (D:2)
  2 frilled lizards
  6 goblins
  6 kobolds
  5 rats
46 creatures vanquished.

Notes
Turn   | Place    | Note
-------+----------+-------------------------------------------
     0 | D:1      | AarnesTheHuman the Formicid Hunter began the quest for the
                  | Orb.
     0 | D:1      | Reached XP level 1. HP: 16/16 MP: 1/1
    79 | D:1      | Found Durghaily's One-of-a-Kind Rings.
    88 | D:1      | Reached XP level 2. HP: 23/23 MP: 2/2
   222 | D:1      | Reached skill level 1 in Armour
   463 | D:1      | Found a faded altar of an unknown god.
   718 | D:1      | Reached XP level 3. HP: 28/28 MP: 3/3
  2016 | D:3      | Noticed a bullfrog
  2022 | D:3      | Killed a bullfrog
  2023 | D:3      | Reached skill level 1 in Short Blades
  2023 | D:3      | Reached XP level 4. HP: 21/35 MP: 4/4
  2023 | D:3      | Reached XP level 5. HP: 25/41 MP: 5/5
  2193 | D:3      | Noticed Natasha
  2202 | D:3      | Killed Natasha
  2343 | D:3      | Noticed Natasha
  2356 | D:3      | Killed Natasha
  2371 | D:3      | Noticed Natasha
  2373 | D:3      | Reached XP level 6. HP: 44/48 MP: 6/6
  2379 | D:3      | Killed Natasha
  2380 | D:3      | Reached skill level 5 in Crossbows
  2470 | D:3      | Noticed an ogre
  2505 | D:3      | Mangled by an ogre

Illustrated notes

Levels and vault maps discovered:
D:1:      ncdulo_smallfort, layout_basic,
          shapermc_ecumenical_altar_mp_ritualfount, nicolae_shop_unique_rings
D:2:      layout_basic, due_unseen_surprise
D:3:      layout_rooms, uniq_natasha

Skill      XL: |  1  2  3  4  5  6 |
---------------+-------------------+-----
Armour         | 1 2 3 |  3.0
Fighting       | 3 |  3.9
Short Blades   | 1 2 |  2.0
Crossbows      | 5 |  5.0
Dodging        | |  1.7
Stealth        | |  1.2

Action                   |  1- 3 |  4- 6 || total
-------------------------+-------+-------++-------
Melee: Short sword       |   112 |    48 ||   160
       Punch             |       |     1 ||     1
 Fire: Hand crossbow     |     6 |       ||     6
 Abil: Dig               |     1 |       ||     1
  Use: Potion            |       |     1 ||     1
Armor: Leather armour    |    29 |       ||    29
       Chain mail        |    11 |    32 ||    43
Dodge: Dodged            |    68 |    12 ||    80
